AoeStats
← Roy

Marketplace

505650500Analyzed
1v1 RM · 22d ago on Sep 10, 2026· 26m 48s· 2 players
Game mode
Random Map
Map size
Tiny (2 player)
Population
200
Speed
Normal
Resources
Standard
Victory
Conquest
Starting age
Dark Age
Ending age
Imperial Age
RankedLock teamsTeams togetherTeam positionsShared explorationLock speedFull tech treeHidden civsTurbo modeCheats
Victory
Defeat
🇹🇼 Byzantines · Taiwan
738
+16
🇷🇺 Tatars · Russia
742
-16
Roy
6:38 Loom
10:33 Feudal Age
11:53 Double-Bit Axe
19:56 Castle Age
18:18 Horse Collar
21:59 Husbandry
22:52 Stone Mining
Rikmen
11:03 Loom
13:07 Feudal Age
13:43 Double-Bit Axe
14:43 Horse Collar
15:56 Gold Mining
16:28 Bloodlines
23:19 Castle Age
23:28 Scale Barding Armor
24:25 Husbandry
26:40 Wheelbarrow
Connection lost

Rejoining the realm…

Still unreachable

The connection could not be restored.

Session expired

The server has moved on; the page needs a fresh start.